 Dungeon Crawl Stone Soup version 0.28.0 (webtiles) character file.

Game seed: 11320630328787335068

1477 browni3141 the Cleaver (level 8, -5/73 HPs)
             Began as a Minotaur Berserker on Feb 17, 2022.
             Was a Priest of Trog.
             Slain by an orc warrior (11 damage)
             ... on level 6 of the Dungeon.
             The game lasted 00:02:20 (5531 turns).

browni3141 the Cleaver (Minotaur Berserker)         Turns: 5531, Time: 00:02:20

Health: -5/73      AC: 10    Str: 24    XL:     8   Next: 49%
Magic:  7/7        EV:  9    Int:  4    God:    Trog [***...]
Gold:   232        SH:  5    Dex: 10    Spells: 7/7 levels left

rFire   . . .      SeeInvis .   a - +0 hand axe
rCold   . . .      Faith    .   (no shield)
rNeg    . . .      Spirit   .   l - +0 chain mail
rPois   +          Reflect  +   (helmet restricted)
rElec   .          Harm     .   (no cloak)
rCorr   .          Rampage  .   (no gloves)
Will    .....                   (no boots)
Stlth   ..........              g - amulet of reflection
HPRegen 0.22/turn               P - ring of poison resistance {@f3}
MPRegen 0.10/turn               (no ring)

@: on berserk cooldown
A: horns 2, retaliatory headbutt
a: Renounce Religion, Berserk, Trog's Hand


You were on level 6 of the Dungeon.
You worshipped Trog.
Trog was most pleased with you.
You visited 1 branch of the dungeon, and saw 6 of its levels.

You collected 232 gold pieces.


Innate Abilities, Weirdness & Mutations

You have a pair of horns on your head.
You reflexively headbutt those who attack you in melee.


   Skills:
 + Level 7.3 Fighting
 * Level 9.7 Axes
 + Level 6.7 Armour
 - Level 2.1 Dodging


You had 7 spell levels left.
You didn't know any spells.
Your spell library was empty.

Inventory:

Hand Weapons
 a - a +0 hand axe (weapon)
Missiles
 e - a throwing net (quivered)
Armour
 b - a +0 animal skin
 l - a +0 chain mail (worn)
Jewellery
 g - an amulet of reflection (around neck)
 P - a ring of poison resistance (left hand) {@f3}
 W - a ring of magical power
Scrolls
 c - 2 scrolls of enchant weapon {unknown}
 i - a scroll of acquirement {unknown}
 k - a scroll of torment {unknown}
 m - 5 scrolls of identify {unknown}
 n - 3 scrolls of enchant armour {unknown}
 p - a scroll of fog {unknown}
 t - 2 scrolls of teleportation {unknown}
 u - a scroll of fear {unknown}
 v - a scroll of brand weapon {unknown}
Potions
 d - a potion of heal wounds {unknown}
 f - 3 potions of magic {unknown}
 h - a potion of haste {@q3}
 j - a potion of degeneration {unknown}
 o - 3 potions of attraction {unknown}
 q - a potion of curing {unknown}
 r - a potion of might {unknown}
 s - a potion of mutation {unknown}
 w - a potion of resistance {unknown}

Dungeon Overview and Level Annotations

Branches:
Dungeon (6/15)             Temple (0/1) D:6

Altars:

..oo.).#
#(..........#..¦.¦
#.#
#.############....
#[# #.# ###.##.
#.# #.# #......
#.# #.# #.#.##.
#o# #.# #.##. #o#
#.# #.... #.# #.#
####. #.# #@# #.
#.#########o# #.
#......oo5..# #.
###########.# ..
#.# ## ###


You could see an orc warrior.


Message History

Unknown command.
Your skin crawls.
You feel strong-willed.
The orc warrior hits you with a +0 mace!
* * * LOW HITPOINT WARNING * * *
The orc warrior hits you with a +0 mace.
* * * LOW HITPOINT WARNING * * *
Things that are here:
+0 steam dragon scales; a steam dragon corpse You block the orc warrior's attack.
The orc warrior hits you with a +0 mace!
* * * LOW HITPOINT WARNING * * *
You feel the effects of Trog's Hand fading.
The white imp grinds its teeth.
You block the orc warrior's attack.
The white imp summons a swarm of flies.
Your skin stops crawling.
You feel less strong-willed. The white imp puffs mist at you.
The orc warrior hits you with a +0 mace.
* * * LOW HITPOINT WARNING * * *
The orc warrior hits you with a +0 mace.
* * * LOW HITPOINT WARNING * * *
The white imp lashes its tail.
The orc warrior barely misses you. You block the orc warrior's attack.
The orc warrior hits you with a +0 mace.
* * * LOW HITPOINT WARNING * * *
You feel yourself speed up.
The orc warrior hits you with a +0 mace!
You die...

Skill      XL: |  1  2  3  4  5  6  7  8 |
---------------+-------------------------+-----
Axes           | 4 5 6 7 8 9 |  9.7
Fighting       | 4 5 6 7 |  7.3
Armour         | 3 4 5 6 |  6.7
Dodging        | |  2.1

Action                   |  1- 3 |  4- 6 |  7- 9 || total
-------------------------+-------+-------+-------++-------
Melee: Hand axe          |    72 |    92 |    98 ||   262
       Headbutt          |     7 |    11 |    23 ||    41
       Punch             |       |     1 |     1 ||     2
Invok: Berserk           |     2 |     1 |     3 ||     6
       Trog's Hand       |       |       |     1 ||     1
Armor: Animal skin       |     8 |       |       ||     8
       Chain mail        |     6 |    49 |    44 ||    99
Dodge: Dodged            |    43 |    39 |    29 ||   111
Block: Other             |     3 |    26 |    24 ||    53

Levels and vault maps discovered:
D:1:      roderic_octagonal_star, layout_rooms
D:2:      layout_loops_ring, chequers_mini_garden
D:3:      layout_basic, dreamdust_ecumenical_altar_drowned_temple,
          serial_rivers, chequers_serial_rivers_large_b,
          chequers_serial_rivers_large_a, chequers_serial_rivers_room_a,
          chequers_serial_rivers_small_a, kennysheep_boxes, uniq_jessica
D:4:      layout_basic
D:5:      layout_basic
D:6:      layout_basic, minmay_temple_entry_wispy, uniq_menkaure

Notes
Turn   | Place    | Note
-------+----------+-------------------------------------------
     0 | D:1      | browni3141 the Minotaur Berserker began the quest for the
                  | Orb.
     0 | D:1      | Reached XP level 1. HP: 19/19 MP: 0/0
   272 | D:1      | Reached skill level 4 in Axes
   272 | D:1      | Reached XP level 2. HP: 26/27 MP: 1/1
   682 | D:1      | Reached skill level 4 in Fighting
   688 | D:1      | Reached skill level 3 in Armour
   757 | D:2      | Reached XP level 3. HP: 27/33 MP: 2/2
   830 | D:2      | Reached ** piety under Trog
  1507 | D:3      | Noticed a black bear
  1514 | D:3      | Killed a black bear
  1515 | D:3      | Reached skill level 5 in Axes
  1515 | D:3      | Reached XP level 4. HP: 41/41 MP: 3/3
  1515 | D:3      | Reached XP level 5. HP: 47/47 MP: 4/4
  1660 | D:3      | Noticed Jessica
  1676 | D:3      | Killed Jessica
  1677 | D:3      | Reached skill level 4 in Armour
  2168 | D:3      | Found a faded altar of an unknown god.
  2848 | D:4      | Reached skill level 6 in Axes
  3025 | D:4      | Noticed a necrophage
  3035 | D:4      | Killed a necrophage
  3036 | D:4      | Reached skill level 5 in Fighting
  3036 | D:4      | Reached XP level 6. HP: 49/56 MP: 5/5
  3270 | D:5      | Entered Level 5 of the Dungeon
  3466 | D:5      | Reached skill level 7 in Axes
  3600 | D:5      | Reached skill level 5 in Armour
  3600 | D:5      | Reached XP level 7. HP: 58/62 MP: 6/6
  3958 | D:6      | Reached skill level 6 in Fighting
  4222 | D:6      | Reached skill level 8 in Axes
  4281 | D:6      | Noticed Menkaure
  4288 | D:6      | Killed Menkaure
  4610 | D:6      | Reached *** piety under Trog
  4614 | D:6      | Reached skill level 6 in Armour
  4614 | D:6      | Reached XP level 8. HP: 60/71 MP: 7/7
  4794 | D:6      | Reached skill level 9 in Axes
  5174 | D:6      | Found a staircase to the Ecumenical Temple.
  5185 | D:6      | Reached skill level 7 in Fighting
  5523 | D:6      | HP: 6/73 [orc warrior (4)]
  5529 | D:6      | HP: 6/73 [orc warrior (2)]
  5531 | D:6      | Slain by an orc warrior

Vanquished Creatures
  A steam dragon (D:6)
  Menkaure (D:6)
  A water moccasin (D:6)
  2 sky beasts (D:6)
  A black bear (D:3)
  A necrophage (D:4)
  A centaur (D:5)
  A bullfrog (D:6)
  A water moccasin skeleton (D:5)
  2 centaur zombies
  2 hounds (D:5)
  2 jellies
  A gnoll shaman (D:6)
  Jessica (D:3)
  A bullfrog skeleton (D:6)
  2 iguanas (D:6)
  An orc wizard (D:6)
  A howler monkey skeleton (D:5)
  8 gnolls (D:6)
  6 adders
  An ufetubus (D:4)
  An adder skeleton (D:4)
  A worm (D:2)
  5 orcs (D:5)
  4 endoplasms
  3 giant cockroaches
  4 goblins (D:1)
  4 hobgoblins
  8 jackals
  4 quokkas
  4 ball pythons
  A bat (D:2)
  8 frilled lizards
  5 kobolds
  7 rats
  A spectral hobgoblin (D:3)
98 creatures vanquished.

Vanquished Creatures (others)
  16 plants (D:3)
16 creatures vanquished.

Grand Total: 114 creatures vanquished

Table legend: (Time is in decaauts)
 A = Elapsed time spent in this place.
 B = Non-inter-level travel time spent in this place.
 C = Inter-level travel time spent in this place.
 D = Time resting spent in this place.
 E = Time spent auto-exploring this place.
 F = Levels seen in this place.
 G = Mean time per level.
                   A        B        C        D        E       F      G
               +--------+--------+--------+--------+--------+-----+--------+
         Total |   5624 |   5591 |     33 |    870 |   4041 |   6 |  937.3 |
       Dungeon |   5624 |   5591 |     33 |    870 |   4041 |   6 |  937.3 |
               +--------+--------+--------+--------+--------+-----+--------+

Top non-repeatable levels by time:
     D:6: 1616 daAuts
     D:3: 1009 daAuts
     D:4: 944 daAuts
     D:1: 769 daAuts
     D:5: 662 daAuts
     D:2: 622 daAuts

Table legend:
 A = Non-vault XP
 B = Vault XP
 C = Vault XP percentage of total XP
 D = Non-vault monster count
 E = Vault monster count
 F = Vault count percentage of total count
                 A         B        C        D         E       F
            +---------+---------+-------+---------+---------+-------
      Total |    1900 |     210 |  10.0 |      95 |       3 |   3.1
            +---------+---------+-------+---------+---------+-------
        D:1 |      39 |       0 |   0.0 |      26 |       0 |   0.0
        D:2 |      36 |       0 |   0.0 |      14 |       0 |   0.0
        D:3 |     168 |      38 |  18.4 |      15 |       2 |  11.8
        D:4 |     153 |       0 |   0.0 |       5 |       0 |   0.0
        D:5 |     418 |       0 |   0.0 |      14 |       0 |   0.0
        D:6 |    1086 |     172 |  13.7 |      21 |       1 |   4.5
            +---------+---------+-------+---------+---------+-------
